 Dungeon Crawl Stone Soup version 0.17-a0-1887-g3e50df6 (webtiles) character file.

2863 ololoev the Basher (level 9, -4/79 HPs)
             Began as a Minotaur Berserker on Sept 23, 2015.
             Was a Believer of Trog.
             Slain by an ettin (20 damage)
             ... on level 9 of the Dungeon.
             The game lasted 00:11:32 (1472 turns).

ololoev the Basher (Minotaur Berserker)             Turns: 1472, Time: 00:11:40

Health: -4/79      AC:  8    Str: 26    XL:     9   Next: 47%
Magic:  10/10      EV: 13    Int:  4    God:    Trog [**....]
Gold:   140        SH:  0    Dex:  9    Spells: 0 memorised, 8 levels left

rFire  . . .     SeeInvis .     a - +3 flail (crush)
rCold  + . .     Clarity  .     b - +2 ring mail {rC+}
rNeg   . . .     SustAt   .     (no shield)
rPois  .         Gourm    .     (helmet restricted)
rElec  .         Spirit   .     (no cloak)
rCorr  .         Warding  .     (no gloves)
rMut   .         Stasis   .     (no boots)
MR     .....                    (no amulet)
Stlth  ..........               (no ring)
                                (no ring)

@: exhausted, not resistant to hostile enchantments, extremely unstealthy
A: retaliatory headbutt, horns 2
a: Burn Spellbooks, Berserk, Trog's Hand, Renounce Religion


Innate Abilities, Weirdness & Mutations

You reflexively headbutt those who attack you in melee.
You have a pair of horns on your head.

Inventory:

Hand weapons
 a - a +3 flail of crushing (weapon)
Armour
 b - a +2 ring mail of cold resistance (worn)
 q - a +0 plate armour
Magical devices
 p - a wand of polymorph (13)
 s - a wand of frost (14)
Scrolls
 e - a scroll of remove curse {unknown}
 f - a scroll of teleportation {unknown}
 h - a scroll of noise {unknown}
 m - a scroll of blinking
 o - 2 scrolls of recharging {unknown}
 r - a scroll of fog {unknown}
 v - a scroll of enchant armour {unknown}
Potions
 d - a potion of mutation {unknown}
 g - a potion of curing
 j - a potion of might {unknown}
 k - 3 potions of cure mutation
 l - 4 potions of heal wounds
 t - a potion of flight {unknown}
 u - a potion of poison {unknown}
 w - a potion of resistance {unknown}
Books
 n - the Papyrus of Feathery Confrontation
   (You found it on level 8 of the Dungeon)

   Spells                             Type                      Level
   a - Repel Missiles                 Charms/Air                   2
   b - Throw Flame                    Conjuration/Fire             2
   c - Dazzling Spray                 Conjuration/Hexes            3
   d - Freezing Cloud                 Conjuration/Ice/Air          6
   e - Orb of Destruction             Conjuration                  7
   Trog disapproves of the use of such an item.
Comestibles
 c - 4 bread rations
 i - a meat ration


   Skills:
 + Level 7.6 Fighting
 * Level 10.3 Maces & Flails
 + Level 6.9 Armour
 + Level 6.3 Dodging
 + Level 3.4 Evocations


You had 8 spell levels left.
You didn't know any spells.


You were on level 9 of the Dungeon.
You worshipped Trog.
Trog was pleased with you.
You were not hungry.

You visited 1 branch of the dungeon, and saw 9 of its levels.
You also visited: Ossuary.

You collected 140 gold pieces.

######.## #.# #.#
#########'### ###
###...........####..
..#...........##....
#.#...........'..#..
#C#...........####..
#.#@..........# #..
#.C...........# #..
###...........# #..
#...........# #..
#...........# #..
############# ###

Notes
Turn   | Place    | Note
--------------------------------------------------------------
     0 | D:1      | ololoev the Minotaur Berserker began the quest for the Orb.
     0 | D:1      | Reached XP level 1. HP: 19/19 MP: 0/0
   128 | D:2      | Found a glowing silver altar of Zin.
   204 | D:4      | Noticed a scorpion
   210 | D:4      | Killed a scorpion
   210 | D:4      | Reached skill level 4 in Fighting
   210 | D:4      | Reached XP level 2. HP: 26/27 MP: 1/1
   210 | D:4      | Reached XP level 3. HP: 31/33 MP: 2/2
   262 | D:4      | Reached XP level 4. HP: 23/40 MP: 3/3
   272 | D:5      | Entered Level 5 of the Dungeon
   341 | D:5      | Reached skill level 5 in Maces & Flails
   398 | D:6      | Noticed a giant frog
   406 | D:6      | Killed a giant frog
   406 | D:6      | Reached XP level 5. HP: 12/47 MP: 4/4
   428 | D:6      | Noticed a phantom
   431 | D:6      | Reached skill level 6 in Maces & Flails
   435 | D:6      | Reached XP level 6. HP: 11/55 MP: 5/5
   583 | D:6      | Killed a phantom
   583 | D:6      | Reached skill level 5 in Fighting
   639 | D:6      | Noticed Menkaure
   644 | D:6      | Killed Menkaure
   644 | D:6      | Acquired Trog's second power
   644 | D:6      | Reached XP level 7. HP: 59/61 MP: 6/6
   651 | D:6      | Reached skill level 7 in Maces & Flails
   672 | D:6      | Found a basalt altar of Yredelemnul.
   845 | D:6      | Found a radiant altar of Vehumet.
   858 | D:6      | Noticed Edmund
   866 | D:6      | Killed Edmund
   898 | D:8      | Reached skill level 5 in Armour
   974 | D:8      | Identified the Papyrus of Feathery Confrontation
  1087 | D:8      | Noticed Uberwunderbarhen's ghost (experienced OpFi)
  1097 | D:8      | Killed Uberwunderbarhen's ghost
  1097 | D:8      | Reached skill level 8 in Maces & Flails
  1097 | D:8      | Reached skill level 5 in Dodging
  1097 | D:8      | Reached skill level 1 in Evocations
  1097 | D:8      | Reached XP level 8. HP: 71/71 MP: 6/8
  1102 | D:8      | Reached skill level 9 in Maces & Flails
  1200 | D:8      | Noticed Psyche
  1202 | D:8      | Found a sand-covered staircase.
  1205 | D:8      | Killed Psyche
  1219 | Ossuary  | Entered an ossuary
  1305 | Ossuary  | Reached XP level 9. HP: 77/79 MP: 9/9
  1437 | D:9      | Noticed Erolcha
  1448 | D:9      | Killed Erolcha
  1448 | D:9      | Reached skill level 10 in Maces & Flails
  1468 | D:9      | Noticed a hill giant
  1472 | D:9      | Noticed an ettin
  1472 | D:9      | a hill giant changed into an ettin
  1472 | D:9      | Slain by an ettin

Dungeon Overview and Level Annotations

Branches:
Dungeon (9/15)
 Temple: D:4-7         Lair: D:8-11         Orc: D:9-12

Altars:
Vehumet
Yredelemnul
Zin


Message History

Your Dodging skill increases to level 6!
Your Evocations skill increases to level 3!
d - a golden potion
Things that are here:
a giant spiked club; a robe Eat which item? (? for menu, Esc to quit)
You continue eating. x2
You finish eating.
That meat ration really hit the spot!
Unknown command.
You feel a strong urge to attack something.
You are no longer berserk.
You are exhausted.
You feel yourself slow down.
There is an open door here.
You feel the effects of Trog's Hand fading.
Your skin stops crawling.
You feel less resistant to hostile enchantments.
You open the door.
A hill giant comes into view. It is wielding a giant club.
The hill giant shouts!
There is an open door here.
You close the door.
Something unseen opens the door.
Evoke which item? (* to show all) (? for menu, Esc to quit)
Zapping:
p - a wand of polymorph (will waste charges)
Press: ? - help, Shift-Dir - straight line, f - hill giant
Aim: a hill giant, wielding a giant club (chance to defeat MR: 35%)
The hill giant easily resists.
Evoking this partially-identified wand wasted a few charges.
The hill giant hits you with a giant club!!
Evoke which item? (* to show all) (? for menu, Esc to quit)
Zapping:
p - a wand of polymorph {zapped: 2} (will waste charges)
Press: ? - help, Shift-Dir - straight line, f/p - hill giant
Aim: a hill giant, wielding a giant club (chance to defeat MR: 35%)
The hill giant evaporates and reforms as an ettin!
Evoking this partially-identified wand wasted a few charges.
You feel yourself speed up. The ettin hits you!!!
Ouch! That really hurt!
The ettin hits you!!
You die...

You could see an ettin.

Vanquished Creatures
  Erolcha (D:9)
  The ghost of Uberwunderbarhen the Nimble, an experienced OpFi of Cheibriados (D:8)
  Psyche (D:8)
  Menkaure (D:6)
  Edmund (D:6)
  An orc warrior (D:8)
  A phantom (D:6)
  A centaur (D:9)
  2 giant frogs
  A big kobold (D:7)
  A gnoll sergeant (D:8)
  2 water moccasin zombies (Ossuary)
  2 scorpions
  A crimson imp (D:6)
  2 orc priests (D:6)
  A hound (D:5)
  An iguana (D:6)
  2 orc wizards (D:6)
  2 big kobold zombies (Ossuary)
  A hound skeleton (D:8)
  2 mummies (Ossuary)
  An adder (D:8)
  4 gnolls (D:8)
  An ooze (D:4)
  A worm zombie (D:8)
  6 adder zombies (Ossuary)
  An adder skeleton (D:4)
  A worm (D:4)
  12 orcs
  2 bats
  2 giant cockroaches
  3 gnoll zombies (Ossuary)
  A hobgoblin (D:1)
  3 jackals (D:8)
  A quokka (D:5)
  A giant gecko skeleton (D:7)
  A giant newt (D:7)
  2 goblins
  A goblin zombie (D:8)
  7 hobgoblin zombies (Ossuary)
  5 kobolds
  5 kobold zombies (Ossuary)
  6 orc zombies
95 creatures vanquished.

Action                   |  1- 3 |  4- 6 |  7- 9 || total
-------------------------+-------+-------+-------++-------
Melee: Mace              |    21 |    48 |    26 ||    95
       Flail             |       |       |   129 ||   129
Invok: Berserk           |     1 |     3 |     4 ||     8
       Trog's Hand       |       |       |     2 ||     2
Evoke: Wand              |       |       |     2 ||     2
  Use: Potion            |       |     1 |       ||     1
       Scroll            |       |       |     3 ||     3
  Eat: Chunk             |       |     2 |     7 ||     9
       Meat ration       |       |       |     1 ||     1

Vault maps used:
D:1:      eino_arrival_cavern_a, roderic_aztec_sauvastika, st_stairs_4,
          minmay_misc_feat_more_columns, minmay_misc_feat_alley,
          monster_avoids_cloud
D:2:      lemuel_crystal_altar, ecumenical_altar_2
D:3:      minmay_door_path, grunt_dithmenos_smoke
D:5:      wad_pebble_path, first_bread, serial_bayou_ford_a
D:6:      lemuel_coloured_pillars_altar, minmay_temple_entry_poolview,
          serial_co_window_serial, co_window_paths_b, co_window_paths_a,
          co_window_paths_b, co_window_paths_b, co_window_paths_a,
          co_window_cross_4, co_window_corner_cb, co_window_corner_ca,
          co_window_corner_b, co_window_cross_4, vehumet_altar_wand_db,
          uniq_menkaure, uniq_edmund, uniq_sigmund
D:7:      lemuel_blue_sif_altar, cheibrodos_ashenzari_chains
D:8:      enter_ossuary_3, uniq_psyche
D:9:      orc_0_dummy, special_room, hangedman_tell_no_tales, uniq_erolcha
Ossuary:  ossuary_tomb_2
